 Dungeon Crawl Stone Soup version 0.25.1-2-g60ff931df9 (webtiles) character file.

Game seed: 6495370735092819101

11235 Erymatos the Cleaver (level 11, -1/102 HPs)
             Began as a Minotaur Berserker on Oct 31, 2020.
             Slain by a polar bear (7 damage)
             ... created by the rage of Trog
             ... on level 10 of the Dungeon.
             The game lasted 00:26:40 (13327 turns).

Erymatos the Cleaver (Minotaur Berserker)          Turns: 13327, Time: 00:26:41

Health: -1/102     AC: 24    Str: 21 (25) XL:     11   Next: 46%
Magic:  0/10       EV:  9    Int: 10      God:
Gold:   514        SH: 11    Dex:  7      Spells: 10/10 levels left

rFire    . . .     SeeInvis .   R - +7 hand axe "Sothron" {pain, +Inv +Fly Dex-3}
rCold    + . .     Gourm    .   H - +0 kite shield
rNeg     . . .     Faith    .   N - +4 chain mail {rC+}
rPois    .         Spirit   +   (helmet restricted)
rElec    .         Reflect  .   D - +0 cloak
rCorr    .         Harm     .   (no gloves)
MR       .....                  M - +2 pair of boots
Stlth    ..........             t - amulet of guardian spirit
HPRegen  0.27/turn              K - +4 ring of protection
MPRegen  0.12/turn              J - ring "Umym" {Int+6 Slay+3}

@: studying Fighting
A: retaliatory headbutt, horns 2
a: Evoke Invisibility, Evoke Flight


You were on level 10 of the Dungeon.
You were hungry.

You visited 1 branch of the dungeon, and saw 11 of its levels.

You collected 829 gold pieces.
You spent 315 gold pieces at shops.

Inventory:

Hand Weapons
 R - the +7 hand axe "Sothron" (weapon) {pain, +Inv +Fly Dex-3}
   (You found it on level 10 of the Dungeon)

   In the hands of one skilled in necromantic magic, it inflicts extra damage on
   living creatures.
   It affects your dexterity (-3).
   It lets you turn invisible.
   It lets you fly.
Armour
 w - a +0 chain mail
 D - a +0 cloak (worn)
 H - a +0 kite shield (worn)
 M - a +2 pair of boots (worn)
 N - a +4 chain mail of cold resistance (worn)
 O - a +3 ring mail
Jewellery
 a - an uncursed ring of protection from cold
 d - an uncursed ring of protection from fire
 t - an amulet of guardian spirit (around neck)
 C - an uncursed ring of positive energy
 J - the ring "Umym" (right hand) {Int+6 Slay+3}
   (You took it off a gnoll on level 6 of the Dungeon)

   [ring of intelligence]

   It affects your intelligence (+6).
   It affects your accuracy and damage with ranged weapons and melee attacks
   (+3).
 K - a +4 ring of protection (left hand)
 Q - an uncursed ring of stealth
Wands
 A - a wand of flame (38)
 E - a wand of polymorph (15)
 I - a wand of paralysis (13)
 P - a wand of acid (11)
Scrolls
 b - a scroll of magic mapping
 e - 2 scrolls of blinking
 g - a scroll of enchant armour
 h - a scroll of identify
 i - 6 scrolls of enchant weapon
 q - 2 scrolls of random uselessness
 r - 10 scrolls of remove curse
 u - 3 scrolls of fog
 v - a scroll of noise
 y - 4 scrolls of amnesia
 B - 7 scrolls of teleportation
 G - a scroll of vulnerability
 L - 2 scrolls of summoning
Potions
 f - 4 potions of curing
 j - 4 potions of stabbing {unknown}
 k - 2 potions of haste {unknown}
 l - 4 potions of heal wounds {unknown}
 m - 5 potions of brilliance {unknown}
 n - 2 potions of might {unknown}
 o - a potion of ambrosia {unknown}
 p - 4 potions of mutation {unknown}
 s - 4 potions of degeneration {unknown}
 x - a potion of lignification {unknown}
 z - 2 potions of flight {unknown}
Books
 F - a manual of Fighting
Comestibles
 c - 18 rations


   Skills:
 + Level 11.1 Fighting
 + Level 13.1 Axes
 + Level 10.6 Armour
 + Level 5.7 Dodging
 - Level 0.1 Stealth
 * Level 9.5 Shields


You had 10 spell levels left.
You didn't know any spells.
Your spell library was empty.

Dungeon Overview and Level Annotations

Branches:
Dungeon (11/15)            Temple (0/1) D:7
   Lair: D:8-11         Orc: D:9-12

Altars:
Ashenzari
Dithmenos
Elyvilon
Fedhas
Gozag
Hepliaklqana
Kikubaaqudgha
Qazlal
Ru
Trog
Wu Jian
Xom
Yredelemnul
The Shining One

Shops:
D:8 ?   D:9 [   D:10 %


Innate Abilities, Weirdness & Mutations

You reflexively headbutt those who attack you in melee.
You have a pair of horns on your head.


Message History

You are too injured to fight recklessly!
Unknown command.
You hit the ogre but do no damage.
The ogre is severely wounded.
You hit the ogre.
You kill the ogre!
That felt strangely unrewarding.
You are too injured to fight recklessly!
You slash the ogre! Your headbutt misses the ogre.
The ogre is almost dead.
You barely miss the black bear.
The ogre hits you with a +0 giant spiked club!!
* * * LOW HITPOINT WARNING * * *
You are too injured to fight recklessly!
Unknown command.
You barely miss the ogre.
The ogre is almost dead.
You hit the polar bear but do no damage.
The ogre closely misses you. The polar bear bites you!
You die...

.....................#
#.#
#############........#
#.# #.....<.......#
#.# #.#####.#.#####
#.#### #.......#.#
#.#... #######...#
#.#.## ##.h# #.#.#
#hO# #.#.# ##@# #.#.#
### #.#.# #.#.##
#.#.#. #..... ###...
####


You could see a polar bear (berserk), a black bear (berserk) and an ogre
(berserk).

Vanquished Creatures
  Erolcha (D:10)
  5 death yaks (D:11)
  A two-headed ogre (D:8)
  An unseen horror (D:11)
  A cyclops (D:11)
  A troll (D:10)
  The ghost of passata the Magician, a novice DEFE of Sif Muna (D:6)
  3 hippogriffs
  Grum (D:9)
  Menkaure (D:7)
  2 water moccasins
  2 orc warriors
  An eye of draining (D:11)
  4 ice beasts
  2 phantoms
  2 sky beasts
  4 wolves (D:9)
  An ogre (D:10)
  7 centaurs
  2 big kobolds (D:8)
  7 bullfrogs
  4 gnoll sergeants
  3 scorpions
  A howler monkey (D:4)
  7 crimson imps
  2 bullfrog zombies
  6 hounds
  2 jellies
  A centaur zombie (D:7)
  A gnoll shaman (D:6)
  6 orc priests
  5 orc wizards
  A bullfrog skeleton (D:11)
  A centaur skeleton (D:8)
  3 worker ants
  3 iguanas
  2 hound skeletons
  4 worker ant zombies
  A howler monkey skeleton (D:7)
  14 gnolls
  10 adders
  4 shadow imps
  2 adder skeletons
  3 worms
  2 dart slugs (D:3)
  5 leopard geckos
  36 orcs
  6 giant cockroaches
  6 hobgoblins
  15 jackals
  11 kobolds
  4 quokkas
  2 ball pythons
  7 bats
  4 frilled lizards
  10 goblins
  A jackal zombie (D:5)
  A leopard gecko skeleton (D:7)
  6 rats
252 creatures vanquished.

Vanquished Creatures (others)
  An iguana (D:5)
  A worker ant (D:5)
  A shadow imp (D:5)
  6 plants (D:6)
9 creatures vanquished.

Grand Total: 261 creatures vanquished

Notes
Turn   | Place    | Note
-------+----------+-------------------------------------------
     0 | D:1      | Erymatos the Minotaur Berserker began the quest for the
                  | Orb.
     0 | D:1      | Reached XP level 1. HP: 19/19 MP: 0/0
   376 | D:1      | Reached skill level 4 in Axes
   654 | D:1      | Reached XP level 2. HP: 25/27 MP: 1/1
  1494 | D:2      | Reached XP level 3. HP: 28/33 MP: 2/2
  1692 | D:2      | Reached ** piety under Trog
  2057 | D:2      | Reached XP level 4. HP: 35/41 MP: 3/3
  2178 | D:2      | Found a sacrificial altar of Ru.
  2660 | D:3      | Noticed a water elemental
  2664 | D:3      | Found a stormy altar of Qazlal.
  2667 | D:3      | Noticed a fire elemental
  2667 | D:3      | Noticed an earth elemental
  2667 | D:3      | Noticed an air elemental
  2696 | D:3      | Reached skill level 5 in Axes
  2894 | D:3      | Found a shadowy altar of Dithmenos.
  3135 | D:3      | Reached *** piety under Trog
  3172 | D:3      | Reached skill level 5 in Fighting
  3172 | D:3      | Reached XP level 5. HP: 39/48 MP: 4/4
  3805 | D:4      | Reached skill level 6 in Axes
  3868 | D:4      | Reached XP level 6. HP: 51/56 MP: 5/5
  4112 | D:4      | Found a glowing golden altar of the Shining One.
  4223 | D:5      | Entered Level 5 of the Dungeon
  4409 | D:5      | Found a shimmering altar of Xom.
  4409 | D:5      | Noticed a sky beast
  4419 | D:5      | Killed a sky beast
  4419 | D:5      | Reached skill level 7 in Axes
  4419 | D:5      | Reached XP level 7. HP: 43/61 MP: 4/6
  4586 | D:5      | Found a sacrificial altar of Ru.
  4634 | D:5      | Found a blossoming altar of Fedhas.
  4635 | D:5      | Found an ancient bone altar of Kikubaaqudgha.
  4637 | D:5      | Found an opulent altar of Gozag.
  4638 | D:5      | Found a hazy altar of Hepliaklqana.
  4638 | D:5      | Found a white marble altar of Elyvilon.
  4889 | D:5      | Reached skill level 8 in Axes
  5536 | D:5      | Reached skill level 5 in Armour
  5741 | D:6      | Reached **** piety under Trog
  5779 | D:6      | Reached XP level 8. HP: 68/70 MP: 7/7
  5945 | D:6      | Reached skill level 9 in Axes
  6355 | D:6      | Identified the +2 scale mail "Monwimuf" {rCorr}
  6360 | D:6      | Noticed passata's ghost (novice DEFE)
  6379 | D:6      | Found a transporter.
  6501 | D:6      | Reached skill level 10 in Axes
  6654 | D:6      | Found a transporter.
  6692 | D:6      | Identified the ring "Umym" {Int+6 Slay+3}
  6722 | D:6      | Killed passata's ghost
  6722 | D:6      | Reached XP level 9. HP: 61/79 MP: 5/8
  7167 | D:7      | Found a staircase to the Ecumenical Temple.
  7328 | D:7      | Reached skill level 11 in Axes
  7591 | D:7      | Found a basalt altar of Yredelemnul.
  7857 | D:7      | Noticed Menkaure
  7870 | D:7      | Killed Menkaure
  7885 | D:7      | Got a twisted robe
  7918 | D:7      | Identified the +0 robe of the Pits of Slime {Str+3 Stlth+}
                  | (You found it on level 7 of the Dungeon)
  8204 | D:7      | Found an ornate altar of the Wu Jian Council.
  8613 | D:8      | Noticed a two-headed ogre
  8622 | D:8      | Killed a two-headed ogre
  8622 | D:8      | Reached skill level 12 in Axes
  8623 | D:8      | Reached ***** piety under Trog
  8729 | D:8      | Found a shattered altar of Ashenzari.
  9295 | D:8      | Found Boralomm's Magic Scroll Shop.
  9338 | D:8      | Bought a scroll of teleportation for 45 gold pieces
  9505 | D:8      | Reached XP level 10. HP: 91/91 MP: 9/9
  9611 | D:8      | Found a bloodstained altar of Trog.
 10215 | D:9      | Noticed Grum
 10220 | D:9      | Reached skill level 1 in Shields
 10246 | D:9      | Killed Grum
 10878 | D:9      | Found Fesuwikai's Antique Armour Shop.
 10898 | D:9      | Bought a shiny chain mail for 270 gold pieces
 11377 | D:10     | Entered Level 10 of the Dungeon
 11398 | D:10     | Found Ynyac's Food Emporium.
 11613 | D:10     | Reached skill level 5 in Dodging
 11829 | D:10     | Reached skill level 5 in Shields
 12123 | D:10     | Noticed Erolcha
 12134 | D:10     | Killed Erolcha
 12402 | D:10     | Got a masterwork hand axe
 12403 | D:10     | Identified the +7 hand axe "Sothron" {pain, +Inv +Fly
                  | Dex-3} (You found it on level 10 of the Dungeon)
 12584 | D:11     | Noticed a cyclops
 12597 | D:11     | Reached skill level 10 in Armour
 12604 | D:11     | Killed a cyclops
 12604 | D:11     | Reached skill level 10 in Fighting
 12649 | D:11     | Killed an unseen horror
 12649 | D:11     | Reached XP level 11. HP: 36/99 MP: 4/10
 13085 | D:11     | Noticed a death yak
 13086 | D:11     | Noticed a death yak
 13086 | D:11     | Noticed a death yak
 13088 | D:11     | Noticed a death yak
 13088 | D:11     | Noticed a death yak
 13093 | D:11     | Killed a death yak
 13096 | D:11     | Fell from the grace of Trog
 13099 | D:11     | Killed a death yak
 13112 | D:11     | Killed a death yak
 13114 | D:11     | Killed a death yak
 13114 | D:11     | Reached skill level 13 in Axes
 13119 | D:11     | Killed a death yak
 13216 | D:11     | Noticed a two-headed ogre
 13216 | D:11     | Noticed a two-headed ogre
 13326 | D:10     | HP: 5/102 [ogre/+0 giant spiked club[the rage of Trog]
                  | (26)]
 13327 | D:10     | Slain by a polar bear

Illustrated notes

Levels and vault maps discovered:
D:1:      matt_arrival_los_fun, layout_basic, st_stairs_8
D:2:      layout_loops_cross, nicolae_ru_the_path_less_chosen
D:3:      layout_loops_ring, grunt_dithmenos_smoke,
          nicolae_qazlal_style_of_elements, serial_rivers,
          chequers_serial_rivers_room_a, chequers_serial_rivers_room_a,
          chequers_serial_rivers_micro_d, chequers_serial_rivers_room_b,
          fountainhead
D:4:      layout_rooms, tso_metal_star, kennysheep_nub
D:5:      layout_gridville, grunt_temple_overflow_open, first_ration,
          xom_confusion_cloud
D:6:      layout_loops_cross, gammafunk_ghost_gnarly_gnolls
D:7:      layout_gridville, yredelemnul_altar_generic, kennysheep_little_box,
          minmay_temple_entry_large_hall, uniq_menkaure
D:8:      layout_basic, lemuel_coloured_pillars_altar, lemuel_round_altar,
          serial_shops, shop, enter_ossuary_2, blue_anna_alchemist
          [blue_anna_fruit_fields, blue_anna_fruit_fields]
D:9:      layout_stronghold, serial_shops,
          nicolae_shop_competitors_out_of_business, uniq_grum
D:10:     layout_basic, serial_shops, shop, uniq_erolcha
D:11:     layout_long_grid, dpeg_lair_monsters, david_orc_4, basic_altar,
          serial_shops, nicolae_shop_window_shopping

Skill      XL: |  1  2  3  4  5  6  7  8  9 10 11 |
---------------+----------------------------------+-----
Axes           | 4 5 6 7 8 10 12 13 | 13.1
Fighting       | 4 5 6 7 9 10 11 | 11.1
Dodging        | 3 4 5 |  5.7
Armour         | 3 5 7 9 10 | 10.6
Shields        | 8 9 |  9.5
Stealth        | |  0.1

Action                   |  1- 3 |  4- 6 |  7- 9 | 10-12 || total
-------------------------+-------+-------+-------+-------++-------
Melee: Hand axe          |    72 |   142 |   272 |    97 ||   583
       Headbutt          |    11 |    18 |    55 |    80 ||   164
       Unarmed           |       |       |       |   187 ||   187
Invok: Berserk           |     1 |     1 |     2 |     3 ||     7
  Use: Scroll            |       |     1 |       |    12 ||    13
 Stab: Sleeping          |     1 |       |       |       ||     1
  Eat: Chunk             |     4 |     9 |    15 |    14 ||    42
       Ration            |       |       |     1 |       ||     1
Armor: Animal skin       |     6 |     9 |       |       ||    15
       Chain mail        |       |    48 |    90 |   155 ||   293
       Ring mail         |       |       |    23 |    44 ||    67
Dodge: Dodged            |    50 |    75 |    76 |   100 ||   301
Block: Kite shield       |       |       |    24 |   162 ||   186
